Map: Nightshade LE

Players

Crunkmonk

  • Race: Terran Terran
  • League: Diamond
  • Spawn Location: 11:00

ViBE - Winner!

  • Race: Protoss Protoss
  • League: Platinum
  • Spawn Location: 5:00

VOD

https://www.youtube.com/watch?v=zrEfUB7XW3g

Description

Time

  • Played on: Dec. 10, 2019, 5:58 p.m.
  • Length: 12:11
Show
View Real Time Build Order
Export as new Build Order

Crunkmonk Terran 

Build Orders: Mech 

Get SALT Encoding   

  12  0:01  SCV  
  13  0:16  SCV  
  13  0:19  Supply Depot  
  14  0:29  SCV  
  15  0:43  Barracks  
  15  0:46  SCV  
  15  0:49  Refinery  
  16  1:00  SCV  
  17  1:16  SCV  
  18  1:28  SCV  
  19  1:37  Command Center  
  19  1:39  Supply Depot  
  19  1:41  SCV  
  20  1:53  SCV  
  21  2:05  SCV  
  22  2:09  Factory  
  22  2:17  SCV  
  22  2:20  Refinery  
  23  2:23  Barracks Tech Lab  
  23  2:32  Orbital Command  
  23  2:37  Supply Depot  
  23  2:51  Orbital Command  
  23  3:01  Siege Tank  
  26  3:08  SCV  
  27  3:13  Refinery  
  27  3:18  SCV  
  28  3:20  SCV  
  28  3:25  Refinery  
  29  3:30  SCV  
  29  3:32  Command Center  
  30  3:38  Siege Tank  
  30  3:40  SCV  
  34  3:43  SCV  
  35  3:48  Supply Depot  
  35  3:52  SCV  
  35  3:55  SCV  
  37  4:00  Engineering Bay  
  37  4:04  SCV  
  37  4:05  Factory  
  37  4:07  SCV  
  39  4:12  Siege Tank  
  39  4:16  SCV  
  43  4:19  SCV  
  44  4:28  SCV  
  45  4:31  SCV  
  46  4:40  SCV  
  46  4:43  SCV  
  48  4:46  Armory  
  48  4:52  SCV, Command Center  
  49  4:54  Factory Reactor  
  49  4:55  SCV, Siege Tank  
  53  5:07  Supply Depot  
  53  5:08  Supply Depot  
  53  5:09  SCV x2  
  55  5:14  Missile Turret  
  55  5:16  Missile Turret  
  55  5:18  Orbital Command  
  55  5:21  SCV x2  
  57  5:33  SCV x2  
  59  5:38  Terran Vehicle And Ship Armor Level 1  
  59  5:51  Thor  
  59  5:52  Hellbat x2  
  69  6:02  SCV x3, Factory  
  69  6:03  Factory  
  72  6:14  SCV  
  72  6:15  Hellbat x2  
  77  6:18  Refinery  
  77  6:20  Missile Turret  
  77  6:21  Armory  
  77  6:28  SCV, Command Center  
  77  6:30  SCV  
  77  6:32  SCV  
  80  6:40  Refinery  
  80  6:41  SCV  
  80  6:43  SCV, Thor  
  80  6:46  SCV  
  89  6:48  Factory Tech Lab  
  89  6:49  Factory Tech Lab  
  89  6:51  Hellbat  
  89  6:54  SCV, Hellbat  
  94  7:02  SCV x2  
  94  7:05  Planetary Fortress  
  96  7:09  Thor  
  96  7:12  SCV  
  96  7:15  SCV x2  
  105  7:16  Supply Depot  
  105  7:19  Supply Depot  
  105  7:24  SCV  
  105  7:27  SCV x2  
  108  7:37  Thor  
  108  7:38  Hellbat  
  108  7:39  Thor  
  108  7:40  Terran Vehicle Weapons Level 1  
  108  7:42  SCV  
  108  7:43  SCV x2  
  125  7:44  SCV  
  125  7:50  Supply Depot  
  126  7:52  Supply Depot  
  126  7:54  Supply Depot  
  126  7:56  Thor  
  126  7:57  SCV  
  133  7:59  SCV  
  133  8:00  SCV  
  133  8:01  SCV  
  136  8:05  Missile Turret  
  136  8:11  Sensor Tower  
  136  8:16  Sensor Tower  
  136  8:17  Hellbat x2  
  140  8:25  SCV x3  
  140  8:26  SCV  
  144  8:32  Thor  
  150  8:35  Refinery  
  150  8:37  SCV x2, Refinery  
  152  8:46  Command Center  
  152  8:47  Thor  
  158  8:49  SCV x2  
  158  8:52  Terran Vehicle And Ship Armor Level 2  
  160  8:56  Command Center  
  160  9:13  Hellbat  
  162  9:19  Factory  
  162  9:20  Factory  
  162  9:22  Factory  
  162  9:29  Supply Depot  
  162  9:31  Supply Depot  
  162  9:36  Infernal Pre-Igniter  
  162  9:37  Smart Servos  
  162  9:38  Terran Vehicle Weapons Level 2  
  162  9:50  Thor  
  162  9:51  Hellbat  
  162  9:52  Thor  
  176  9:53  Supply Depot  
  176  9:54  Planetary Fortress  
  176  9:57  Thor  
  176  9:58  Planetary Fortress  
  182  10:02  Missile Turret  
  182  10:06  Factory Tech Lab x2  
  182  10:07  Factory Reactor  
  182  10:09  Hellbat  
  184  10:19  Hellbat  
  186  10:22  Factory  
  186  10:24  Factory  
  186  10:34  Thor x2  
  198  10:45  Sensor Tower  
  198  10:48  Missile Turret  
  198  11:08  Refinery  
  180  11:14  Thor  
  180  11:15  Thor  
  180  11:18  Factory x2  
  174  11:19  Factory Tech Lab x2  
  174  11:20  Factory, Hellbat x3  
  174  11:21  Factory x2, Hellbat  
  113  11:34  Refinery  
  116  11:48  Supply Depot  
  116  11:49  Supply Depot  
  116  11:50  Supply Depot  
  116  11:51  Supply Depot  
  110  11:56  Factory Tech Lab x2  
Show
View Real Time Build Order
Export as new Build Order

ViBE Protoss - Winner!

Build Orders: 1 Gate Expand, Archon Immortal 

Get SALT Encoding   

  12  0:00  Probe  
  13  0:12  Probe  
  14  0:17  Pylon  
  14  0:25  Probe  
  15  0:37  Probe  
  15  0:40  Gateway  
  16  0:46  Assimilator  
  16  0:49  Probe  
  17  1:01  Probe (Chrono Boost)  
  18  1:14  Probe (Chrono Boost)  
  19  1:20  Probe (Chrono Boost)  
  20  1:29  Nexus  
  20  1:33  Probe  
  21  1:41  Cybernetics Core  
  21  1:45  Probe  
  22  1:55  Pylon  
  22  1:56  Assimilator  
  22  1:59  Probe  
  23  2:14  Probe  
  24  2:26  Probe, Stalker  
  27  2:31  Warp Gate  
  27  2:34  Pylon  
  27  2:39  Probe (Chrono Boost)  
  28  2:44  Probe (Chrono Boost)  
  28  2:51  Probe (Chrono Boost)  
  30  2:53  Probe (Chrono Boost)  
  30  2:56  Probe (Chrono Boost)  
  34  2:58  Probe (Chrono Boost), Sentry  
  34  3:00  Robotics Facility  
  36  3:05  Probe (Chrono Boost)  
  36  3:06  Gateway  
  36  3:10  Probe (Chrono Boost)  
  37  3:17  Probe (Chrono Boost)  
  39  3:20  Probe (Chrono Boost)  
  39  3:22  Probe (Chrono Boost), Pylon  
  39  3:25  Probe (Chrono Boost)  
  41  3:31  Probe  
  42  3:37  Probe, Assimilator x2  
  42  3:38  Stalker  
  45  3:43  Probe  
  45  3:46  Pylon  
  46  3:49  Probe  
  46  3:55  Probe  
  48  3:56  Observer  
  48  3:57  Stalker  
  48  4:01  Probe  
  52  4:07  Probe  
  52  4:08  Stalker  
  55  4:13  Probe, Pylon  
  55  4:16  Pylon  
  56  4:19  Probe  
  57  4:25  Probe  
  58  4:31  Probe  
  58  4:37  Probe  
  60  4:41  Nexus  
  60  4:43  Probe  
  61  4:50  Probe (Chrono Boost)  
  61  4:51  Stalker x2  
  66  4:53  Immortal  
  66  4:55  Probe (Chrono Boost)  
  71  5:02  Probe (Chrono Boost)  
  71  5:05  Probe (Chrono Boost)  
  73  5:07  Probe (Chrono Boost)  
  73  5:09  Pylon  
  73  5:10  Probe (Chrono Boost)  
  73  5:12  Pylon  
  75  5:16  Probe (Chrono Boost), Pylon  
  75  5:19  Assimilator  
  76  5:22  Probe (Chrono Boost), Assimilator  
  76  5:27  Probe (Chrono Boost)  
  78  5:29  Probe (Chrono Boost)  
  78  5:32  Probe (Chrono Boost), Stalker x2  
  84  5:36  Probe  
  84  5:40  Immortal  
  84  5:42  Probe  
  90  5:48  Probe  
  91  5:54  Probe  
  91  5:57  Probe  
  93  5:58  Stalker x2  
  93  6:00  Probe  
  98  6:06  Probe  
  98  6:09  Probe  
  100  6:12  Probe  
  101  6:18  Probe  
  101  6:19  Immortal  
  101  6:21  Probe  
  101  6:23  Nexus  
  101  6:24  Probe  
  108  6:30  Probe  
  108  6:31  Twilight Council  
  109  6:33  Probe  
  109  6:34  Forge  
  109  6:36  Forge  
  109  6:37  Probe  
  109  6:38  Forge  
  111  6:42  Probe, Stalker  
  111  6:43  Stalker  
  111  6:45  Probe  
  117  6:49  Probe  
  117  6:50  Pylon  
  117  6:53  Pylon  
  118  6:54  Probe  
  118  6:57  Probe  
  118  7:01  Probe, Immortal  
  125  7:13  Protoss Shields Level 1 (Chrono Boost), Protoss Ground Armor Level 1 (Chrono Boost)  
  125  7:14  Protoss Ground Weapons Level 1 (Chrono Boost)  
  125  7:17  Assimilator  
  125  7:18  Stalker x2  
  125  7:19  Assimilator  
  125  7:22  Pylon  
  129  7:25  Pylon  
  129  7:27  Templar Archives  
  129  7:35  Robotics Facility  
  129  7:38  Robotics Facility  
  129  7:43  Gateway  
  129  7:45  Gateway  
  129  7:46  Gateway x2  
  129  7:49  Gateway  
  129  7:50  Gateway  
  129  8:04  Gateway  
  129  8:07  Gateway  
  129  8:12  Nexus  
  129  8:13  Pylon, Gateway  
  129  8:15  Gateway  
  129  8:18  Gateway  
  129  8:21  Gateway  
  129  8:33  Immortal  
  129  8:34  Immortal x2  
  141  8:39  Pylon  
  141  8:40  Stalker x2  
  145  8:41  Pylon  
  145  8:44  Pylon  
  145  8:49  High Templar x6  
  157  8:56  Protoss Ground Armor Level 2 (Chrono Boost)  
  157  8:57  Protoss Ground Weapons Level 2 (Chrono Boost)  
  157  9:04  Protoss Shields Level 2 (Chrono Boost)  
  157  9:09  High Templar x4  
  165  9:10  High Templar x2  
  165  9:12  High Templar  
  165  9:15  Archon x2  
  165  9:16  Archon x3  
  171  9:17  High Templar, Archon  
  171  9:20  Assimilator  
  171  9:21  Archon  
  171  9:23  Assimilator  
  173  9:24  Photon Cannon  
  173  9:25  Photon Cannon  
  173  9:27  Shield Battery  
  173  9:28  Photon Cannon  
  173  9:32  Phoenix, Photon Cannon, Colossus  
  173  9:34  Photon Cannon  
  173  9:35  Shield Battery  
  173  9:36  Photon Cannon  
  173  9:38  Shield Battery  
  173  9:40  Photon Cannon  
  173  9:42  Photon Cannon  
  173  9:43  Photon Cannon  
  173  9:44  Shield Battery  
  173  9:45  Photon Cannon  
  173  9:48  Shield Battery  
  173  9:49  High Templar x3  
  173  9:50  High Templar x2  
  183  9:55  High Templar  
  185  10:14  Stalker  
  185  10:15  Stalker x3  
  185  10:16  Stalker x2  
  185  10:18  Stalker, Observer  
  200  10:26  Archon x3  
  200  10:55  Gateway  
  200  10:56  Gateway  
  200  10:58  Gateway  
  200  11:00  Gateway  
  161  11:18  Immortal x2  
  161  11:19  Immortal  
  161  11:20  Stalker x2  
  161  11:21  Stalker x4  
  161  11:22  Stalker x5  
  161  11:23  Stalker x3  
  157  11:50  Stalker x5  
  157  11:51  Stalker x2  
  157  11:52  Stalker x3  
Tags
 
Add a new tag
Caveats
  • Supply blocks, unpowered buildings, or Contaminate may cause inaccurate times.
  • Supply counts are checked every 10 seconds.